 Dungeon Crawl Stone Soup version 0.32-a0-306-gfed3edf829 (webtiles) character file.

Game seed: 1474757333013648151

1424 Dittersdorf the Shield-Bearer (level 8, -1/52 HPs)
             Began as a Gargoyle Fighter on Feb 14, 2024.
             Was an Initiate of Gozag.
             Slain by a killer bee (4 damage)
             ... on level 6 of the Dungeon.
             The game lasted 00:07:33 (5269 turns).

Dittersdorf the Shield-Bearer (Gargoyle Fighter)    Turns: 5269, Time: 00:07:33

Health: -1/52      AC: 19    Str: 23    XL:     8   Next: 72%
Magic:  8/8        EV:  9    Int:  8    God:    Gozag
Gold:   535        SH:  5    Dex:  9    Spells: 7/7 levels left

rFire   . . .        a - +0 flail
rCold   + . .        c - +0 buckler
rNeg    + . .        b - +0 scale mail
rPois   ∞            v - +1 helmet
rElec   +            t - +2 cloak {rCorr}
rCorr   +            (no gloves)
SInv    +            (no boots)
Will    .....        (no amulet) Stlth
                     h - ring of protection from cold
HPRegen 0.28/turn    k - ring of see invisible
MPRegen 0.11/turn

%: no passive effects
@: no status effects
A: sickness immunity, AC +5, negative energy resistance 1, electricity
resistance, torment resistance 1, petrification resistance
a: Renounce Religion, Potion Petition, Call Merchant, Bribe Branch


You were on level 6 of the Dungeon.
You worshipped Gozag.
Gozag was pleased with you.
You visited 2 branches of the dungeon, and saw 7 of its levels.
You also visited: Ossuary.

You collected 603 gold pieces.
You paid 68 gold pieces to Gozag.

Inventory:

Hand Weapons
 a - a +0 flail (weapon)
 u - a +1 hammer of holy wrath
Missiles
 e - 2 throwing nets
 i - 2 curare-tipped darts (quivered)
Armour
 b - a +0 scale mail (worn)
 c - a +0 buckler (worn)
 t - a +2 cloak of preservation (worn)
 v - a +1 helmet (worn)
Jewellery
 f - a ring of ice
 h - a ring of protection from cold (left hand)
 k - a ring of see invisible (right hand)
Wands
 p - a wand of flame (17)
Scrolls
 g - 4 scrolls of poison
 j - 2 scrolls of teleportation
 o - a scroll of fear
 q - a scroll of blinking
 y - a scroll of amnesia {unknown}
Potions
 d - 4 potions of might
 l - a potion of curing
 m - 5 potions of heal wounds
 n - a potion of resistance
 r - a potion of haste {unknown}
 w - a potion of berserk rage
 z - a potion of magic
 B - a potion of ambrosia
 C - a potion of mutation


   Skills:
 + Level 6.6 Fighting
 + Level 5.5 Maces & Flails
 + Level 6.6 Armour
 + Level 6.6 Shields


You had 7 spell levels left.
You didn't know any spells.
Your spell library contained the following spells:

 Spells                   Type           Power      Damage    Failure   Level
 Shock                    Conj/Air       0%         1d3       75%         1
 Swiftness                Air            0%         N/A       98%         3
 Airstrike                Air            0%         2d(0-16)  100%        4


Dungeon Overview and Level Annotations

Branches:
Dungeon (6/15)             Temple (1/1) D:6         Ossuary (visited)

Altars:
Ashenzari
Dithmenos
Gozag
Hepliaklqana
Kikubaaqudgha
Makhleb
Nemelex Xobeh
Qazlal
Ru
Vehumet
Wu Jian
Zin
The Shining One

Shops:
D:2 (   D:3 :


Innate Abilities, Weirdness & Mutations

You are immune to sickness and miasma.
Your stone body is resilient. (AC +5)
You are immune to poison.
You resist negative energy. (rN+)
You are resistant to electric shocks. (rElec)
You are resistant to unholy torment.
You are immune to petrification.


Message History

You block the killer bee's attack.
The killer bee stings you but does no damage. x2
The killer bee barely misses you.
You are too injured to fight recklessly!
You are too injured to fight recklessly!
You are too injured to fight recklessly!
You are too injured to fight recklessly!
You are too injured to fight recklessly!
You are too injured to fight recklessly!
The killer bee closely misses you. The killer bee barely misses you.
The killer bee stings you but does no damage.
The killer bee attacks as it pursues you!
The killer bee stings you but does no damage. x2
You block the killer bee's attack.
The killer bee stings you but does no damage.
The killer bee barely misses you.
The killer bee stings you but does no damage. x2
The killer bee stings you. The killer bee closely misses you.
The killer bee barely misses you. x2
The killer bee stings you but does no damage.
The killer bee stings you!
* * * LOW HITPOINT WARNING * * *
The killer bee attacks as it pursues you!
The killer bee completely misses you. The killer bee stings you.
* * * LOW HITPOINT WARNING * * *
The killer bee stings you but does no damage. x4
The killer bee misses you.
The killer bee stings you but does no damage.
The killer bee barely misses you. The killer bee completely misses you.
You block the killer bee's attack. You block the orc's attack.
The killer bee stings you.
* * * LOW HITPOINT WARNING * * *
The killer bee stings you.
* * * LOW HITPOINT WARNING * * *
The killer bee stings you but does no damage.
The killer bee attacks as it pursues you!
The killer bee stings you.
You die...
Your body crumbles into a pile of gold.

...........#
*..........,,**
.........###
*#........#,,,** ##.......#
#........#*,,,* .........#
#........#*,,,* ##..###..#
#........#**,,* #...# *#.#
#......<.# **,* ....##
#.#### ##o.......# **,**
.....###....#####.y.#....##
*,,,,
...............#@y.y.....##
*,,,,
....#####.........y.......#
*,,,, ....#
#.................# *,,,,
.#..#
####..#...........##*,,,,
#...#
##.##...........#*,,,,
..#.# #..#....#......#*,,,,
..#.# ##...########..#*,,,,
.#..# #..## ####*,,,, .#.##
##.# *,,,,


You could see 4 killer bees and an orc.

Vanquished Creatures
  3 phantoms
  2 scorpions (D:4)
  3 wights (D:6)
  2 killer bees (D:6)
  A howler monkey (D:6)
  Crazy Yiuf (D:2)
  A bombardier beetle (D:5)
  3 hounds
  3 orc priests
  A sleepcap (D:5)
  3 iguanas
  2 orc wizards
  9 mummies
  4 gnolls
  7 adders
  A white imp (D:3)
  3 dart slugs
  4 ribbon worms
  9 orcs
  4 ball pythons
  4 endoplasms
  2 giant cockroaches
  2 gnoll zombies (Ossuary)
  6 goblins
  3 hobgoblins
  9 jackals
  A quokka (D:1)
  9 bats
  A frilled lizard (D:1)
  A goblin zombie (D:6)
  2 hobgoblin zombies
  7 kobolds
  3 kobold zombies (Ossuary)
  2 orc zombies (Ossuary)
  5 rats
123 creatures vanquished.

Notes
Turn   | Place    | Note
-------+----------+-------------------------------------------
     0 | D:1      | Dittersdorf the Gargoyle Fighter began the quest for the
                  | Orb.
     0 | D:1      | Reached XP level 1. HP: 14/14 MP: 1/1
   180 | D:1      | Reached XP level 2. HP: 16/19 MP: 2/2
   408 | D:1      | Reached XP level 3. HP: 22/23 MP: 3/3
   804 | D:2      | Reached XP level 4. HP: 29/29 MP: 4/4
  1088 | D:2      | Found Cono's Weapon Boutique.
  1115 | D:2      | Found a broken altar of Ashenzari.
  1300 | D:2      | Found a runed translucent door.
  1301 | D:2      | Noticed Crazy Yiuf
  1659 | D:3      | Found a sacrificial altar of Ru.
  1803 | D:3      | Reached XP level 5. HP: 33/33 MP: 5/5
  1864 | D:3      | Found Ythronkoe's Book Shop.
  2578 | D:2      | Killed Crazy Yiuf
  2579 | D:2      | Reached XP level 6. HP: 39/39 MP: 6/6
  3059 | D:4      | Reached skill level 5 in Shields
  3071 | D:4      | Reached skill level 5 in Fighting
  3071 | D:4      | Reached skill level 5 in Armour
  3071 | D:4      | Reached XP level 7. HP: 31/44 MP: 7/7
  3896 | D:5      | Entered Level 5 of the Dungeon
  3919 | D:5      | Found a stormy altar of Qazlal.
  4169 | D:5      | Reached XP level 8. HP: 41/51 MP: 8/8
  4277 | D:5      | Found a radiant altar of Vehumet.
  4547 | D:6      | Reached skill level 5 in Maces & Flails
  4586 | D:6      | Found a staircase to the Ecumenical Temple.
  4595 | Temple   | Entered the Ecumenical Temple
  4609 | Temple   | Became a worshipper of Gozag Ym Sagoz the Greedy
  4671 | D:6      | Found a sand-covered staircase.
  4682 | Ossuary  | Entered an ossuary
  5269 | D:6      | Slain by a killer bee

Illustrated notes

Levels and vault maps discovered:
D:1:      wheals_arrival_shading, layout_basic, corexii_hall_statues_i
D:2:      layout_basic, basic_altar, serial_shops,
          nicolae_shop_bloodbath_and_beyond, uniq_crazy_yiuf_cottage
D:3:      layout_loops_ring, nicolae_ru_awakened_eye, serial_shops,
          nicolae_shop_window_shopping, chequers_serial_rivers_micro_a,
          fountainhead
D:4:      layout_basic, grunt_ministairs_2, minmay_starry_boxes
D:5:      layout_rooms, lemuel_tele_altar,
          mainiacjoe_overflow_concentric_impassable, st_stairs_11,
          amcnicky_mini_corridor_feature, corexii_shack
D:6:      layout_rooms, minmay_temple_entry_wispy, nicolae_ossuary_entry_giza,
          st_stairs_4
Temple:   chequers_temple_sunken

Skill      XL: |  1  2  3  4  5  6  7  8 |
---------------+-------------------------+-----
Shields        | 4 5 6 |  6.6
Armour         | 4 5 6 |  6.6
Fighting       | 4 5 6 |  6.6
Maces & Flails | 3 4 5 |  5.5

Action                     |  1- 3 |  4- 6 |  7- 9 || total
---------------------------+-------+-------+-------++-------
  Melee: Flail             |    70 |   111 |    20 ||   201
         Mace              |       |    79 |   260 ||   339
  Throw: Dart              |       |     3 |     2 ||     5
    Use: Scroll            |       |     9 |     7 ||    16
 Armour: Scale mail        |    61 |   163 |   293 ||   517
  Dodge: Dodged            |    41 |   107 |   158 ||   306
  Block: Buckler           |    19 |    67 |    83 ||   169

Table legend: (Time is in decaauts)
 A = Elapsed time spent in this place.
 B = Non-inter-level travel time spent in this place.
 C = Inter-level travel time spent in this place.
 D = Time resting spent in this place.
 E = Time spent auto-exploring this place.
 F = Levels seen in this place.
 G = Mean time per level.
                   A        B        C        D        E       F      G
               +--------+--------+--------+--------+--------+-----+--------+
         Total |   5402 |   5094 |    308 |    395 |   3338 |   8 |  675.2 |
       Dungeon |   5062 |   4782 |    280 |    395 |   3187 |   6 |  843.7 |
        Temple |     32 |      4 |     28 |      0 |      0 |   1 |   32.0 |
       Ossuary |    307 |    307 |      0 |      0 |    151 |   1 |  307.0 |
               +--------+--------+--------+--------+--------+-----+--------+

Top non-repeatable levels by time:
     D:2: 1176 daAuts
     D:4: 1166 daAuts
     D:3: 962 daAuts
     D:1: 688 daAuts
     D:5: 608 daAuts
     D:6: 460 daAuts
 Ossuary: 307 daAuts
  Temple: 32 daAuts
